 Dungeon Crawl Stone Soup version 0.25-a0-1079-g858b6a6ff6 (webtiles) character file.

Game seed: 16570203067714206100, levelgen mode: deterministic

149 HoaS the Ruffian (level 5, -3/32 HPs)
             Began as a Gargoyle Gladiator on May 15, 2020.
             Slain by an ogre
             ... wielding a +0 giant club
              (12 damage)
             ... on level 4 of the Dungeon.
             The game lasted 00:06:30 (3633 turns).

HoaS the Ruffian (Gargoyle Gladiator)               Turns: 3633, Time: 00:06:30

Health: -3/32      AC: 16    Str: 17    XL:     5   Next: 31%
Magic:  5/5        EV:  5    Int:  9    God:
Gold:   260        SH:  0    Dex: 12    Spells: 4/4 levels left

rFire    . . .     SeeInvis .     - Unarmed
rCold    . . .     Gourm    .   (no shield)
rNeg     + . .     Faith    .   v - +0 plate armour
rPois    ∞         Spirit   .   b - +0 helmet
rElec    +         Reflect  .   (no cloak)
rCorr    .         Harm     .   (no gloves)
MR       +....                  (no boots)
Stlth    ..........             (no amulet)
HPRegen  0.10/turn              r - ring of protection from magic
MPRegen  0.09/turn              (no ring)

@: no status effects
A: negative energy resistance 1, electricity resistance, unbreathing,
petrification resistance, rot immunity, AC +4
a: no special abilities


You were on level 4 of the Dungeon.
You were not hungry.

You visited 2 branches of the dungeon, and saw 5 of its levels.

You collected 260 gold pieces.

Inventory:

Missiles
 c - 3 throwing nets (quivered)
 j - 13 poisoned darts
Armour
 b - a +0 helmet (worn)
 v - a +0 plate armour (worn)
Jewellery
 h - a +4 ring of slaying {unknown}
 r - a ring of protection from magic (left hand)
Scrolls
 i - 4 scrolls of remove curse {unknown}
 k - 3 scrolls of teleportation {unknown}
 l - a scroll of identify {unknown}
 n - 4 scrolls of magic mapping {unknown}
 p - a scroll of amnesia {unknown}
 t - a scroll of fog {unknown}
Potions
 a - a potion of brilliance {unknown}
 e - a potion of degeneration {unknown}
 f - a potion of magic {unknown}
 g - 3 potions of heal wounds {unknown}
 m - a potion of ambrosia {unknown}
 o - a potion of might {unknown}
 s - 2 potions of resistance {unknown}
 u - a potion of curing {unknown}
Comestibles
 d - 6 rations


   Skills:
 + Level 3.4 Fighting
 - Level 1.7 Throwing
 + Level 2.3 Armour
 - Level 2.4 Dodging
 * Level 4.7 Unarmed Combat


You had 4 spell levels left.
You didn't know any spells.
Your spell library was empty.

Dungeon Overview and Level Annotations

Branches:
Dungeon (4/15)             Temple (1/1) D:4

Altars:
Cheibriados
Elyvilon
Gozag
Hepliaklqana
Kikubaaqudgha
Makhleb
Uskayaw
Vehumet
Xom
Yredelemnul
The Shining One


Innate Abilities, Weirdness & Mutations

You are resistant to torment.
Your stone body is resilient. (AC +4)
You are immune to poison.
You resist negative energy. (rN+)
You are resistant to electric shocks. (rElec)
You can survive without breathing.
You are immune to petrification.
You are immune to rotting.


Message History

There is a staircase to the Ecumenical Temple here.
An ogre comes into view. It is wielding a +0 giant club.
The ogre shouts!
Sorry, you're not good enough to have a special ability.
Okay, then.
You punch the ogre!
The ogre is moderately wounded.
The ogre hits you with a +0 giant club!!
Ouch! That really hurt!
You hear an angry hiss.
Your plate armour prevents you from hitting the ogre.
The ogre is moderately wounded.
The ogre hits you but does no damage.
A leopard gecko comes into view.
You hit the ogre.
The ogre is moderately wounded.
You punch the ogre!
The ogre is heavily wounded.
The ogre hits you with a +0 giant club!
You die...

#.......#....#### #..
#.......##.#...>.
.#.#.....#.#...#)##.......
#..#.#...#.......########.
....#.O.#.......# #.
#.....##.#...#.# #####
#..(..##.......# ##....
#....l##.......####.....
#.....O@.#.............#
#.....####....####....##
#.....# #......#..####
#.....# #....#...##
#.....# ########## #.....#
#######


You could see an ogre and a leopard gecko.

Vanquished Creatures
  A worker ant (D:4)
  A hound skeleton (D:2)
  5 adders
  An adder skeleton (D:2)
  2 worms
  3 dart slugs
  3 orcs (D:4)
  A ball python (D:1)
  2 giant cockroaches (D:2)
  7 goblins
  4 hobgoblins (D:1)
  7 kobolds
  A quokka (D:2)
  A ball python skeleton (D:2)
  A ball python zombie (D:2)
  5 bats
  3 frilled lizards
  A giant cockroach zombie (D:2)
  A jackal skeleton (D:2)
  5 rats
55 creatures vanquished.

Notes
Turn   | Place    | Note
-------+----------+-------------------------------------------
     0 | D:1      | HoaS the Gargoyle Gladiator began the quest for the Orb.
     0 | D:1      | Reached XP level 1. HP: 12/12 MP: 1/1
   124 | D:1      | Reached XP level 2. HP: 16/18 MP: 2/2
   731 | D:1      | Reached skill level 1 in Armour
  1020 | D:2      | Reached XP level 3. HP: 22/22 MP: 3/3
  1577 | D:2      | Reached skill level 4 in Unarmed Combat
  1577 | D:2      | Reached XP level 4. HP: 25/28 MP: 4/4
  1673 | D:2      | Found a glowing golden altar of the Shining One.
  2759 | D:3      | Found a faded altar of an unknown god.
  2921 | D:4      | Reached XP level 5. HP: 32/32 MP: 5/5
  3343 | D:4      | Found a staircase to the Ecumenical Temple.
  3352 | Temple   | Entered the Ecumenical Temple
  3624 | D:4      | Noticed an ogre
  3633 | D:4      | Slain by an ogre

Illustrated notes

Levels and vault maps discovered:
D:1:      minmay_arrival_doors, layout_loops_corners
D:2:      layout_basic, lemuel_doored_altar, serial_undead, serial_undead_a,
          serial_undead_f, serial_undead_b, serial_undead_b, first_ration
D:3:      layout_basic, chequers_ecumenical_altar_grove
D:4:      layout_rooms, gammafunk_temple_overflow_forgotten, temple_hall,
          kennysheep_cross_room, makhleb_altar_promises_db
Temple:   jpeg_temple_alley_garden

Skill      XL: |  1  2  3  4 |
---------------+-------------+-----
Armour         | 1 2 |  2.3
Fighting       | 3 |  3.4
Unarmed Combat | 4 |  4.7
Throwing       | |  1.7
Dodging        | |  2.4

Action                   |  1- 3 |  4- 6 || total
-------------------------+-------+-------++-------
Melee: Unarmed           |   105 |   145 ||   250
  Eat: Chunk             |     2 |     3 ||     5
       Ration            |       |     1 ||     1
Armor: Leather armour    |    19 |       ||    19
       Chain mail        |    32 |    66 ||    98
       Plate armour      |       |    22 ||    22
Dodge: Dodged            |    40 |    43 ||    83

Table legend:
 A = Non-vault XP
 B = Vault XP
 C = Vault XP percentage of total XP
 D = Non-vault monster count
 E = Vault monster count
 F = Vault count percentage of total count
                 A         B        C        D         E       F
            +---------+---------+-------+---------+---------+-------
      Total |     186 |      28 |  13.1 |      49 |       6 |  10.9
            +---------+---------+-------+---------+---------+-------
        D:1 |      29 |       0 |   0.0 |      20 |       0 |   0.0
        D:2 |      85 |      28 |  24.8 |      18 |       6 |  25.0
        D:3 |      20 |       0 |   0.0 |       5 |       0 |   0.0
        D:4 |      52 |       0 |   0.0 |       6 |       0 |   0.0
            +---------+---------+-------+---------+---------+-------
